[Event "Vienna Championship-B 2022"]
[Site "Vienna"]
[Date "2022.09.23"]
[Round "7.7"]
[White "Pavlov, Alexander"]
[Black "Anastasakis, Georgios"]
[Result "1-0"]
[ECO "B92"]
[WhiteElo "1751"]
[BlackElo "1893"]
[Annotator "NA RC COMBH"]
[PlyCount "59"]
[EventDate "2022.09.17"]
[EventType "swiss"]
[EventCountry "AUT"]
[SourceTitle "playchess.com"]
[Source "ChessBase"]
[SourceQuality "1"]
[TimeControl "5400+30"]

1. e4 c5 2. Nf3 d6 3. d4 cxd4 4. Nxd4 Nf6 5. Nc3 a6 6. Be2 e5 7. Nb3 Be6 8. O-O b5 9. a3 Be7 10. Kh1 O-O 11. f4 exf4 12. Bxf4 Nc6 13. Qe1 Rc8 14. Qg3 Kh8 15. Rad1 b4 16. axb4 Nxb4 17. Rd2 Nxc2 18. Rxc2 Bxb3 19. Rd2 Rxc3 20. Qxc3 Nxe4 21. Qxb3 Nxd2 22. Bxd2 Bf6 23. Bxa6 Qa8 24. Qa3 Re8 25. Re1 Be5 26. Bb5 Rb8 27. Qxa8 Rxa8 28. b4 Ra2 29. Rd1 Rb2 30. Bc6 1-0

[Event "Vienna Championship-B 2022"]
[Site "Vienna"]
[Date "2022.09.23"]
[Round "7.8"]
[White "Stinner, David"]
[Black "Paseka, Christian"]
[Result "1-0"]
[ECO "E89"]
[WhiteElo "1823"]
[BlackElo "1568"]
[Annotator "NA RC COMBH"]
[PlyCount "67"]
[EventDate "2022.09.17"]
[EventType "swiss"]
[EventCountry "AUT"]
[SourceTitle "playchess.com"]
[Source "ChessBase"]
[SourceQuality "1"]
[TimeControl "5400+30"]

1. d4 Nf6 2. c4 d6 3. Nc3 g6 4. e4 Bg7 5. f3 O-O 6. Nge2 c6 7. Be3 Nbd7 8. Qd2 e5 9. d5 cxd5 10. cxd5 b6 11. Ng3 a6 12. Be2 Bb7 13. O-O b5 14. Rfc1 Nb6 15. b3 Nbd7 16. Rc2 Rc8 17. Rac1 Qa5 18. a4 bxa4 19. Nxa4 Qxd2 20. Bxd2 Rxc2 21. Rxc2 Rc8 22. Rxc8+ Bxc8 23. Kf2 Ne8 24. Nf1 f5 25. Ba5 fxe4 26. fxe4 Nef6 27. Bf3 Bf8 28. Nd2 Nc5 29. Nxc5 dxc5 30. Nc4 Nd7 31. Bg4 Bg7 32. Nd6 Nb6 33. Bxc8 Nxc8 34. Nxc8 1-0

[Event "Vienna Championship-B 2022"]
[Site "Vienna"]
[Date "2022.09.23"]
[Round "7.9"]
[White "Hirsch, Adolf Jun."]
[Black "Iehl, William"]
[Result "1-0"]
[ECO "E05"]
[WhiteElo "1731"]
[BlackElo "1781"]
[Annotator "NA RC COMBH"]
[PlyCount "35"]
[EventDate "2022.09.17"]
[EventType "swiss"]
[EventCountry "AUT"]
[SourceTitle "playchess.com"]
[Source "ChessBase"]
[SourceQuality "1"]
[TimeControl "5400+30"]

1. Nf3 d5 2. g3 Nf6 3. Bg2 e6 4. O-O Be7 5. d4 O-O 6. c4 dxc4 7. Ne5 Nbd7 8. Nxc4 c5 9. dxc5 Nxc5 10. Nc3 Qc7 11. Bf4 Qd8 12. Qc2 Bd7 13. Rfd1 Qc8 14. Rac1 Bc6 15. Nd6 Bxd6 16. Bxd6 Bxg2 17. Bxf8 Bc6 18. Bxc5 1-0

[Event "Vienna Championship-B 2022"]
[Site "Vienna"]
[Date "2022.09.23"]
[Round "7.10"]
[White "Pantelic, Slobodan"]
[Black "Krejcar, Walter"]
[Result "0-1"]
[ECO "D02"]
[WhiteElo "1596"]
[BlackElo "1770"]
[Annotator "NA RC COMBH"]
[PlyCount "86"]
[EventDate "2022.09.17"]
[EventType "swiss"]
[EventCountry "AUT"]
[SourceTitle "playchess.com"]
[Source "ChessBase"]
[SourceQuality "1"]
[TimeControl "5400+30"]

1. Nf3 d5 2. d4 Nf6 3. Bf4 e6 4. h3 c5 5. c3 Nc6 6. e3 cxd4 7. exd4 Bd6 8. Ne5 Qc7 9. Bb5 O-O 10. Bxc6 bxc6 11. O-O Ba6 12. Re1 c5 13. Nd2 Rab8 14. b3 Rbc8 15. Rc1 Nd7 16. Nxd7 Qxd7 17. Be5 cxd4 18. cxd4 Rxc1 19. Qxc1 Rc8 20. Qb2 Bd3 21. Nf3 Rc2 22. Qa1 Bb4 23. Rc1 Bc3 24. Qb1 Rd2 25. Nxd2 Bxb1 26. Nxb1 Ba5 27. Na3 f6 28. Bg3 Bb6 29. Nc2 Qc8 30. Bf4 Qa6 31. Nb4 Qa3 32. Nc6 Qxa2 33. b4 Qb2 34. Be3 e5 35. Ne7+ Kf7 36. Nxd5 exd4 37. Nxb6 axb6 38. Rc7+ Kg6 39. Bf4 Qxb4 40. g3 d3 41. Rd7 Qe4 42. Be3 b5 43. Rd4 Qxd4 0-1

[Event "Vienna Championship-B 2022"]
[Site "Vienna"]
[Date "2022.09.23"]
[Round "7.11"]
[White "Mayrhuber, Franz"]
[Black "Reif, Werner"]
[Result "0-1"]
[ECO "D52"]
[WhiteElo "1718"]
[BlackElo "1747"]
[Annotator "NA RC COMBH"]
[PlyCount "108"]
[EventDate "2022.09.17"]
[EventType "swiss"]
[EventCountry "AUT"]
[SourceTitle "playchess.com"]
[Source "ChessBase"]
[SourceQuality "1"]
[TimeControl "5400+30"]

1. d4 d5 2. Nf3 Nf6 3. c4 e6 4. Nc3 c6 5. Bg5 Nbd7 6. e3 Qa5 7. Bd3 Ne4 8. Qa4 Qxa4 9. Nxa4 Bb4+ 10. Ke2 Nxg5 11. Nxg5 h6 12. a3 Be7 13. Nf3 dxc4 14. Bb1 b5 15. Nc3 O-O 16. Rc1 Bb7 17. Be4 Nf6 18. Bc2 a5 19. Ne4 Nd5 20. Nfd2 Ba6 21. Ke1 f5 22. Nc3 Nxc3 23. bxc3 c5 24. Nf3 b4 25. axb4 axb4 26. Bd1 b3 27. Ra5 Bb7 28. Rb5 Be4 29. Ne5 Rfb8 30. Rxb8+ Rxb8 31. Nxc4 b2 32. Nxb2 Rxb2 33. f3 Rb1 34. Rxb1 Bxb1 35. Kd2 c4 36. Be2 Ba2 37. e4 f4 38. g4 Kf7 39. Kc1 Ba3+ 40. Kd2 Ke7 41. Bd1 e5 42. d5 Kf6 43. h4 Kf7 44. Ba4 Ke7 45. Bb5 Kd6 46. Ba4 Kc5 47. Be8 Bb3 48. Bd7 Kb6 49. Be8 Be7 50. h5 Ba3 51. Bd7 Kc7 52. Be8 Kd6 53. Ke2 Ke7 54. Bb5 Kf6 0-1

[Event "Vienna Championship-B 2022"]
[Site "Vienna"]
[Date "2022.09.23"]
[Round "7.12"]
[White "Marinovic, Sara"]
[Black "Kunschek, Horst"]
[Result "1-0"]
[ECO "C45"]
[WhiteElo "1384"]
[BlackElo "1743"]
[Annotator "NA RC COMBH"]
[PlyCount "57"]
[EventDate "2022.09.17"]
[EventType "swiss"]
[EventCountry "AUT"]
[SourceTitle "playchess.com"]
[Source "ChessBase"]
[SourceQuality "1"]
[TimeControl "5400+30"]

1. e4 e5 2. Nf3 Nc6 3. d4 exd4 4. Nxd4 d5 5. Bb5 Nge7 6. exd5 Qxd5 7. Nc3 Qxg2 8. Qf3 Qxf3 9. Nxf3 Bd7 10. Bf4 O-O-O 11. Ng5 Be8 12. Bc4 h6 13. Nxf7 Bxf7 14. Bxf7 g5 15. Bg3 a6 16. O-O Bg7 17. Rfe1 h5 18. h4 Rdf8 19. Be6+ Kb8 20. Nd5 Nxd5 21. Bxd5 gxh4 22. Bxh4 Ne5 23. Bg3 Ng4 24. Re7 Bxb2 25. Rb1 Bd4 26. Rxb7+ Ka8 27. Rbxc7+ Kb8 28. Ra7+ Kc8 29. Ra8# 1-0

[Event "Vienna Championship-B 2022"]
[Site "Vienna"]
[Date "2022.09.25"]
[Round "9.1"]
[White "Pavlov, Alexander"]
[Black "Wagner, Leopold Franziskus"]
[Result "1/2-1/2"]
[ECO "B15"]
[WhiteElo "1751"]
[BlackElo "2201"]
[Annotator "TA"]
[PlyCount "138"]
[EventDate "2022.09.17"]
[EventType "swiss"]
[EventCountry "AUT"]
[SourceTitle "playchess.com"]
[Source "ChessBase"]
[SourceQuality "1"]
[TimeControl "5400+30"]

1. e4 c6 2. d4 d5 3. Nc3 g6 4. Nf3 Bg7 5. h3 dxe4 6. Nxe4 Nf6 $1 {[%emt 0:00:03][%mdl 4] is now more promising than 6...Nd7. B15: Caro-Kann: 3 Nc3: 3...g6 and 3...dxe4 4 Nxe4 Nf6 5 Nxf6+ exf6.} 7. Ng3 (7. Nxf6+ $14 {is superior.} exf6 8. Bd3) 7... Nbd7 8. Bc4 e6 9. O-O O-O {[%emt 0:00:19] [#]} 10. Bf4 $146 ({Predecessor:} 10. c3 Qc7 11. Qe2 Nb6 12. Bb3 a5 13. Ne5 Nbd5 14. c4 Ne7 15. Bf4 Qb6 16. Nf3 a4 17. Bc2 {1-0 (38) Jurakic,L (2023)-Sucikova,S (2171) Skalica 2020}) 10... Nd5 11. Bd2 (11. Bg5 $14 Qc7 12. Qd2) 11... b5 $11 12. Bb3 Qb6 13. c3 Bb7 14. Ne2 (14. a4 $11 {remains equal.}) 14... c5 $17 15. Nf4 Nxf4 (15... cxd4 $6 16. Nxd5 Bxd5 17. Bxd5 exd5 18. Nxd4 $11) (15... Ne7 {looks sharper.} 16. Ng5 e5 17. Nfe6 Qc6) 16. Bxf4 Rad8 17. dxc5 Nxc5 18. Qe2 a5 19. Bc2 b4 20. Be3 Qc6 21. cxb4 (21. Qc4 $15 Ne4 22. Qxc6 Bxc6 23. cxb4) 21... Ba6 $19 ({Weaker is} 21... axb4 22. Qc4 Ne4 23. Qb3 $15) 22. Qe1 Nd3 ({Not} 22... Bxf1 23. Bxc5 Ba6 24. Be4 $11) (22... axb4 $19 23. Qxb4 Bxf1 24. Rxf1 (24. Bxc5 $2 Rb8 $19) 24... Nd3 25. Bxd3 Rxd3) 23. Qb1 $17 Nxb4 24. Rc1 Qb5 25. Bb3 Qe2 ({Black should play} 25... Nd3 $17 26. Rc2 Rc8) 26. Bc5 Rfe8 (26... Bxb2 $2 27. Re1 Qb5 28. Bxf8 Bxa1 29. Be7 $18) (26... Qxb2 $17 {aiming for ...Rfe8.} 27. Bxf8 Rxf8 28. Qxb2 Bxb2) 27. Ba4 $11 Qxb2 28. Bxe8 Rxe8 29. Bxb4 (29. Qe4 $5 ) 29... axb4 30. Re1 (30. Qe4 $11 {was the only way to keep the balance.}) 30... Qxa1 $17 (30... Bc4 {with more complications.} 31. Qe4 Bxa2 32. Rad1 Bc3) 31. Qxa1 Bxa1 32. Rxa1 {[%emt 0:00:00][%mdl 4096] Endgame KRB-KRN} Bd3 33. Ne5 {[%emt 0:00:00] [#]} Be4 34. f3 Bd5 35. Rb1 Bxa2 36. Rxb4 Bd5 {[%emt 0:00:09] Against Rb7} 37. Ra4 Re7 {[%emt 0:00:53] Prevents Ra7.} 38. Kf2 Kg7 39. Ng4 Bc6 40. Rc4 Be8 41. Rb4 f6 42. Rb6 Bf7 43. Kg3 Ra7 44. Rc6 Ra4 45. Rc7 h5 46. Nf2 h4+ 47. Kh2 f5 {[%emt 0:00:16] Inhibits Ne4.} (47... e5 $17 48. Ne4 Ra6) 48. Nd3 $11 Kf6 {[%emt 0:01:07] Against Ne5. With the idea ...Ra3.} 49. Nc5 Ra8 50. f4 (50. Nd7+ $11 Kg5 51. Rc4) 50... Be8 $17 51. Rh7 e5 ({Better is} 51... Ra2 $17 {...Bc6 is the strong threat.} 52. Nd3 Bc6) 52. fxe5+ $11 {[%emt 0:00:00] The position is equal.} Kxe5 53. Rxh4 Bc6 54. Nd3+ Kf6 55. Rd4 {[%emt 0:00:00] [#] Hoping for Rd6+.} Be4 56. Nc5 Ke5 57. Ra4 Rc8 58. Ra5 Bd5 59. Nd7+ Ke6 60. Rxd5 {[%emt 0:00:00] Black must now prevent Nb6. KRN-KR} Rd8 $1 61. Rd1 {[%emt 0:00:00] White wants to mate with Nc5+.} Rxd7 62. Rxd7 Kxd7 {[%emt 0:00:00] KPP-KPP} 63. Kg3 g5 64. h4 gxh4+ 65. Kxh4 Ke6 66. Kg5 Ke5 67. g3 Ke4 68. Kf6 Kf3 69. Kxf5 {[%emt 0:00:00] Threatening mate with g4.} Kxg3 {[%emt 0:00:00] Whites escaped into a draw.  Weighted Error Value: White=0.18 (very precise) /Black=0.18 (very precise)} 1/2-1/2

[Event "Vienna Championship-B 2022"]
[Site "Vienna"]
[Date "2022.09.25"]
[Round "9.2"]
[White "Andresen, Erik"]
[Black "Kummer, Helmut"]
[Result "0-1"]
[ECO "B06"]
[WhiteElo "1879"]
[BlackElo "2203"]
[Annotator "TA"]
[PlyCount "94"]
[EventDate "2022.09.17"]
[EventType "swiss"]
[EventCountry "AUT"]
[SourceTitle "playchess.com"]
[Source "ChessBase"]
[SourceQuality "1"]
[TimeControl "5400+30"]

1. e4 g6 2. Nf3 Bg7 3. d4 c6 4. Bd3 d5 5. e5 Bg4 6. Nbd2 c5 {[%emt 0:07:25] B06: Modern Defence.} 7. c3 Nc6 8. h3 Bxf3 {[%emt 0:00:51] White is slightly better.} 9. Nxf3 e6 10. O-O Nge7 11. Re1 cxd4 $1 12. cxd4 {[%emt 0:01:25] [#]} (12. Nxd4 Nxe5 13. Bb5+ N5c6 $15) 12... Nf5 $146 (12... O-O $14) ({Predecessor:} 12... Qb6 13. Qa4 O-O 14. a3 Na5 15. b4 Nc4 16. Qb3 Rac8 17. Be3 Nc6 18. Rab1 Qd8 {0-1 (35) Fox,A (2115)-Wolferink,F (2097) Bunratty 2011}) 13. Bxf5 $16 gxf5 14. Qb3 Qb6 15. Qxb6 (15. Qe3 $14) 15... axb6 $11 16. Bd2 {[%emt 0:00:14] Prevents Nb4.} Bf8 17. Rec1 Be7 18. Kf1 Rg8 19. a3 Kd7 20. g3 Ra4 21. Be3 b5 22. Ke2 Rga8 23. Rab1 b4 24. Bd2 (24. g4 $1 $11 {remains equal.}) 24... bxa3 $17 {[%emt 0:04:55] Black converts the advantage convincingly.} 25. bxa3 R8a7 26. Bb4 (26. g4 $15) 26... h6 ({And not} 26... Nxb4 27. axb4 b5 28. Rc2 $17) (26... Bxb4 $142 27. axb4 Nxb4) 27. Bd2 Bxa3 ({But not} 27... Nxd4+ 28. Nxd4 Rxd4 29. Be3 $11) 28. Rc2 Bf8 (28... Nxd4+ $6 29. Nxd4 Rxd4 30. Be3 $11) 29. Rcb2 Kc7 ({Of course not} 29... Nxd4+ $6 30. Nxd4 Rxd4 31. Rxb7+ Rxb7 32. Rxb7+ Kc6 33. Rxf7 $11) 30. Kd3 Ra3+ 31. Bc3 Ra2 32. Nd2 Rxb2 33. Rxb2 Ra3 {[%emt 0:01:40] [#] Hoping for ...Nb4+.} 34. Kc2 Ra4 35. Nb3 (35. Nf3 $142) 35... Bb4 $19 36. f3 Bxc3 37. Kxc3 {[%emt 0:00:02][%mdl 4096] Endgame KRN-KRN} Rc4+ 38. Kd3 b6 39. g4 f4 40. h4 Kd7 41. h5 Ke7 42. Nd2 $2 (42. Kd2 {is tougher.}) 42... Rxd4+ {[%emt 0:01:06] Black is clearly winning.} 43. Kc3 Ra4 44. Rxb6 Nxe5 45. Rb8 Kf6 46. Rg8 {[%emt 0:00:13][%cal Og4g5] [#]} Nxf3 47. Kb2 (47. Nxf3 Ra3+) 47... Ng5 {[%emt 0:00:41] Weighted Error Value: White=0.49/Black=0.10 (very precise)} 0-1

[Event "Vienna Championship-B 2022"]
[Site "Vienna"]
[Date "2022.09.25"]
[Round "9.4"]
[White "Wickramasinghe, Nathaniel"]
[Black "Deak-Sala, Emilia"]
[Result "1-0"]
[ECO "B34"]
[WhiteElo "1760"]
[BlackElo "1787"]
[Annotator "NA RC COMBH"]
[PlyCount "83"]
[EventDate "2022.09.17"]
[EventType "swiss"]
[EventCountry "AUT"]
[SourceTitle "playchess.com"]
[Source "ChessBase"]
[SourceQuality "1"]
[TimeControl "5400+30"]

1. e4 c5 2. Nf3 Nc6 3. d4 cxd4 4. Nxd4 Nf6 5. Nc3 g6 6. Be3 Bg7 7. Be2 O-O 8. O-O d5 9. exd5 Nb4 10. d6 Qxd6 11. Ncb5 Qd7 12. Qd2 Nbd5 13. Rad1 Nxe3 14. Qxe3 a6 15. Nf3 Ng4 16. Qf4 e5 17. Qb4 Qf5 18. Nd6 Qxc2 19. Nxc8 Qxc8 20. Rc1 a5 21. Qa4 b5 22. Bxb5 Qb8 23. Bc6 e4 24. Bxa8 Qxa8 25. Ng5 Qb8 26. g3 Qe5 27. h4 Bh6 28. Qxe4 Qxe4 29. Nxe4 Bxc1 30. Rxc1 Rb8 31. b3 Rb4 32. Rc4 Rb6 33. Rc5 f5 34. Nc3 Ra6 35. Nd5 Ra7 36. Rc8+ Kf7 37. Rc7+ Rxc7 38. Nxc7 Ne5 39. a3 Ke7 40. Nd5+ Ke6 41. Ne3 Kd6 42. Kg2 1-0

[Event "Vienna Championship-B 2022"]
[Site "Vienna"]
[Date "2022.09.25"]
[Round "9.5"]
[White "Obenaus, Paul"]
[Black "Stinner, David"]
[Result "0-1"]
[ECO "D46"]
[WhiteElo "1825"]
[BlackElo "1823"]
[Annotator "NA RC COMBH"]
[PlyCount "74"]
[EventDate "2022.09.17"]
[EventType "swiss"]
[EventCountry "AUT"]
[SourceTitle "playchess.com"]
[Source "ChessBase"]
[SourceQuality "1"]
[TimeControl "5400+30"]

1. d4 d5 2. c4 c6 3. Nf3 Nf6 4. Nc3 e6 5. e3 Nbd7 6. Bd3 dxc4 7. Bxc4 b5 8. Bd3 Bd6 9. O-O O-O 10. e4 e5 11. Ne2 Bb7 12. Bg5 Re8 13. Qc2 Rc8 14. Nh4 h6 15. Nf5 Bf8 16. Bxf6 Qxf6 17. f4 exd4 18. e5 Qd8 19. Rf3 Qb6 20. Rg3 Kh8 21. Qb3 Re6 22. Kh1 Nc5 23. Qd1 Nxd3 24. Rxd3 c5 25. Neg3 Qc6 26. Qe2 Rd8 27. Rg1 g6 28. Ne3 c4 29. Rdd1 d3 30. Qg4 Qd7 31. Rgf1 h5 32. Qg5 Qe7 33. Qxe7 Rxe7 34. f5 Rxe5 35. fxg6 fxg6 36. Nc2 Kg7 37. Ne1 h4 0-1

[Event "Vienna Championship-B 2022"]
[Site "Vienna"]
[Date "2022.09.25"]
[Round "9.8"]
[White "Stadlinger, Lukas"]
[Black "Schwabeneder, Alois"]
[Result "1-0"]
[ECO "D00"]
[WhiteElo "1729"]
[BlackElo "1911"]
[Annotator "TA"]
[PlyCount "51"]
[EventDate "2022.09.17"]
[EventType "swiss"]
[EventCountry "AUT"]
[SourceTitle "playchess.com"]
[Source "ChessBase"]
[SourceQuality "1"]
[TimeControl "5400+30"]

1. d4 Nf6 2. Nc3 d5 3. Bf4 c6 4. e3 Bg4 5. f3 Bh5 6. g4 {[%emt 0:00:34] D00: 1 d4 d5: Unusual lines.} Bg6 7. h4 {[%emt 0:00:04] Black must now prevent h5.} h6 8. Bd3 {[%emt 0:02:40] White is slightly better.} Bxd3 9. Qxd3 e6 10. O-O-O Nbd7 11. Nge2 $36 {[%emt 0:01:03][%mdl 2048] White has good play.} b5 12. Ng3 {[%emt 0:02:09] [#]} a5 $146 ({Black should try} 12... b4 $14) ({Predecessor:} 12... Nb6 13. g5 Nfd7 14. g6 Qf6 15. h5 Nc4 16. gxf7+ Qxf7 17. Nge2 b4 {1-0 (41) Martynov,P (2380)-Kharmunova,N (2132) Stockholm 2015}) 13. g5 $16 Ng8 14. e4 {[%emt 0:03:17][%cal Be3e4,Be4d5][%mdl 32] Threatens to win with exd5. White has more active pieces.} b4 {[%emt 0:05:00] [#]} (14... hxg5 $16 15. hxg5 Rxh1 16. Rxh1 Nb6) 15. exd5 $1 $18 bxc3 {[%emt 0:03:11] [#]} 16. dxe6 $1 (16. dxc6 Nb6 17. Qb5 (17. Qxc3 Nd5 $17) (17. bxc3 $2 Qd5 $19) 17... Bd6 18. Bxd6 Qxd6 19. Qxb6 Qxg3 $11) 16... cxb2+ 17. Kb1 {[%emt 0:00:02] Really sharp!} hxg5 $2 (17... Ne7 18. exd7+ Qxd7 19. gxh6 (19. Kxb2 hxg5 20. hxg5 Rxh1 $16) 19... Nd5) 18. exf7+ ({Weaker is} 18. exd7+ Qxd7 19. hxg5 Rxh1 20. Rxh1 Ne7 21. Kxb2 Nd5 $16) 18... Kxf7 19. Qc4+ Kg6 20. hxg5 Rxh1 21. Rxh1 Ne7 22. Qe6+ Nf6 23. gxf6 Qd5 24. Qg4+ Kxf6 25. Ne4+ Kf7 26. Nd6+ {[%emt 0:00:08] Weighted Error Value: White=0.04 (flawless) /Black=0.32} 1-0

[Event "Vienna Championship-B 2022"]
[Site "Vienna"]
[Date "2022.09.25"]
[Round "9.9"]
[White "Marinovic, Sara"]
[Black "Krejcar, Walter"]
[Result "0-1"]
[ECO "B33"]
[WhiteElo "1384"]
[BlackElo "1770"]
[Annotator "NA RC COMBH"]
[PlyCount "116"]
[EventDate "2022.09.17"]
[EventType "swiss"]
[EventCountry "AUT"]
[SourceTitle "playchess.com"]
[Source "ChessBase"]
[SourceQuality "1"]
[TimeControl "5400+30"]

1. e4 c5 2. Nf3 Nc6 3. d4 cxd4 4. Nxd4 e5 5. Nb5 d6 6. N1c3 a6 7. Na3 Nf6 8. Bg5 Be7 9. Bxf6 Bxf6 10. Nd5 b5 11. c3 Bg5 12. Nc2 O-O 13. g3 Ra7 14. Bg2 Be6 15. Nce3 Bxe3 16. Nxe3 Ne7 17. O-O Rd7 18. Qh5 Kh8 19. Rfd1 g6 20. Qe2 Kg7 21. Rd2 h5 22. h4 f5 23. exf5 Nxf5 24. Nxf5+ Bxf5 25. a4 Qb6 26. axb5 axb5 27. Bf1 Rb7 28. Rd5 Bd7 29. b4 Rc7 30. Qd2 Rf6 31. Rd1 Rf3 32. Rd3 Bg4 33. Rxf3 Bxf3 34. Qxd6 Qxd6 35. Rxd6 Rxc3 36. Re6 e4 37. Bxb5 Rc1+ 38. Bf1 Be2 39. Rxe4 Bxf1 40. Re3 Bb5+ 41. Kg2 Rb1 42. Re7+ Kf6 43. Re3 Rxb4 44. Rf3+ Ke5 45. Re3+ Kd6 46. Ra3 Bc6+ 47. Kf1 Rb2 48. Ra5 Bf3 49. Ke1 Ke6 50. Rg5 Kf6 51. Ra5 Be4 52. Rc5 Bd3 53. Rc8 Kf5 54. Rf8+ Kg4 55. Rf4+ Kh3 56. Rd4 Bf5 57. Ra4 Kg2 58. Rf4 Ra2 0-1

[Event "Vienna Championship-B 2022"]
[Site "Vienna"]
[Date "2022.09.25"]
[Round "9.10"]
[White "Pantelic, Slobodan"]
[Black "Reif, Werner"]
[Result "0-1"]
[ECO "D02"]
[WhiteElo "1596"]
[BlackElo "1747"]
[Annotator "NA RC COMBH"]
[PlyCount "102"]
[EventDate "2022.09.17"]
[EventType "swiss"]
[EventCountry "AUT"]
[SourceTitle "playchess.com"]
[Source "ChessBase"]
[SourceQuality "1"]
[TimeControl "5400+30"]

1. Nf3 d5 2. d4 Nf6 3. Bf4 e6 4. h3 Bd6 5. Ne5 c5 6. c3 Nc6 7. e3 Qc7 8. Bb5 O-O 9. Nd3 c4 10. Bxd6 Qxd6 11. Nf4 a6 12. Ba4 b5 13. Bc2 Bb7 14. O-O a5 15. Nd2 Ne7 16. Nf3 Ne4 17. Ne5 f6 18. Ng4 Rad8 19. Nh2 e5 20. Ne2 Ng5 21. Ng3 e4 22. h4 Nf7 23. Qg4 Bc8 24. Qe2 Nh6 25. Bd1 Nef5 26. Nxf5 Nxf5 27. h5 Nh6 28. Qd2 f5 29. f4 Qf6 30. Qf2 g5 31. hxg6 hxg6 32. Kh1 Kg7 33. Rg1 Rh8 34. g4 fxg4 35. Bxg4 Nxg4 36. Rxg4 Bxg4 37. Kg1 Rh4 38. Qg3 Bf5 39. Rf1 Rdh8 40. Rf2 Rh3 41. Qg2 Qh4 42. Qg5 Qxg5+ 43. fxg5 Rxe3 44. Nf1 Rd3 45. Nd2 Rg3+ 46. Rg2 Rxg2+ 47. Kxg2 Rh5 48. Kg3 Rxg5+ 49. Kf4 Rg4+ 50. Ke5 e3 51. Nf3 Be4 0-1

[Event "Vienna Championship-B 2022"]
[Site "Vienna"]
[Date "2022.09.25"]
[Round "9.12"]
[White "Iehl, William"]
[Black "Kunschek, Horst"]
[Result "0-1"]
[ECO "D07"]
[WhiteElo "1781"]
[BlackElo "1743"]
[Annotator "NA RC COMBH"]
[PlyCount "28"]
[EventDate "2022.09.17"]
[EventType "swiss"]
[EventCountry "AUT"]
[SourceTitle "playchess.com"]
[Source "ChessBase"]
[SourceQuality "1"]
[TimeControl "5400+30"]

1. Nf3 Nc6 2. d4 d5 3. c4 Bg4 4. cxd5 Bxf3 5. gxf3 Qxd5 6. e3 e5 7. Nc3 Bb4 8. Bd2 Bxc3 9. Bxc3 exd4 10. exd4 O-O-O 11. Qd3 Nf6 12. Rg1 Rhe8+ 13. Be2 Nxd4 14. O-O-O Nxe2+ 0-1